 Dungeon Crawl Stone Soup version 0.31-a0-175-g9f7f995f2b (webtiles) character file.

Game seed: 1536971699288550449

67 Demosthentine the Ducker (level 4, 0/34 HPs)
             Began as a Demonspawn Gladiator on June 17, 2023.
             Slain by an orc
             ... wielding a +0 war axe
              (1 damage)
             ... on level 2 of the Dungeon.
             The game lasted 00:02:04 (1257 turns).

Demosthentine the Ducker (Demonspawn Gladiator)     Turns: 1257, Time: 00:02:05

Health: 0/34       AC:  4    Str: 15 (16) XL:     4   Next: 0%
Magic:  4/4        EV: 12    Int:  6 (9)  God:
Gold:   76         SH:  4    Dex: 14 (15) Spells: 3/3 levels left

rFire   . . .        a - +1 trident
rCold   . . .        (no shield)
rNeg    . . .        b - +1 leather armour
rPois   .            (helmet restricted)
rElec   .            (no cloak)
rCorr   .            (no gloves)
SInv    .            (no boots)
Will    .....        (no amulet)
Stlth   +            (no ring)
HPRegen 0.25/turn    (no ring)
MPRegen 0.09/turn

%: no passive effects
@: no status effects
A: antennae 1, condensation shield, demonic magic 1
a: no special abilities


You were on level 2 of the Dungeon.
You visited 1 branch of the dungeon, and saw 3 of its levels.

You collected 76 gold pieces.

Inventory:

Hand Weapons
 a - a +1 trident (weapon)
Missiles
 d - 3 throwing nets (quivered)
 e - a javelin
 g - 6 boomerangs
 m - 6 curare-tipped darts
Armour
 b - a +1 leather armour (worn)
Jewellery
 l - a ring of wizardry
Scrolls
 c - a scroll of enchant weapon
Potions
 f - a potion of curing {unknown}
 h - a potion of attraction {unknown}
 j - a potion of degeneration


   Skills:
 + Level 2.7 Fighting
 + Level 3.1 Polearms
 - Level 1.7 Throwing
 + Level 1.4 Armour
 + Level 3.2 Dodging


You had 3 spell levels left.
You didn't know any spells.
Your spell library contained the following spells:

 Spells                   Type           Power      Damage    Failure   Level
 Dazzling Flash           Conj/Hex       0%         N/A       88%         3
 Agony                    Necr           0%         N/A       100%        5
 Silence                  Hex/Air        0%         N/A       100%        5


Dungeon Overview and Level Annotations

Branches:
Dungeon (3/15)

Altars:

Shops:
D:2 *


Innate Abilities, Weirdness & Mutations

You have a pair of small antennae on your head.
A meltable shield of frost defends you. (SH +4)
Spells you cast may paralyse adjacent enemies.


Message History

Where to? (? - help)
What level of the Dungeon? (default 1, ? - help)
There is a stone staircase leading down here.
You climb downwards.
The orc priest shouts!
The orc shouts!
You hear a shout!
Found 2 scrolls labelled NAT XEJAHUO and 10 gold pieces.
Found a stone staircase leading down.
There is a stone staircase leading up here.
There are monsters nearby!
The orc hits you with a +0 war axe. The orc priest closely misses you.
You climb upwards.
There is a stone staircase leading down here.
You hit the orc priest but do no damage.
The orc misses you. The orc priest misses you.
You closely miss the orc priest. The orc misses you.
The orc priest hits you with a +0 morningstar!
You hit the orc priest.
The orc priest is moderately wounded.
The orc hits you with a +0 war axe.
The orc priest mumbles some strange prayers to Beogh against you.
Pain shoots through your body!
You hit the orc priest.
The orc priest is heavily wounded.
The orc hits you but does no damage. The orc priest barely misses you.
You hit the orc priest but do no damage.
The orc priest is heavily wounded.
You block the orc's attack.
The orc priest hits you with a +0 morningstar!
* * * LOW HITPOINT WARNING * * *
You hit the orc priest.
The orc priest is almost dead.
The orc hits you with a +0 war axe!
* * * LOW HITPOINT WARNING * * *
You block the orc priest's attack.
Unknown command.
It was a potion of degeneration.
There was something very wrong with that liquid.
You feel weakened.
You feel dopey.
You feel clumsy. The orc hits you with a +0 war axe.
You die...

#.##...# #.###.##.##.#
#.####.# ##.######.##.#
#.# #.# #.........##.#
#.# ### ###..#..######.#
#.# #....#..# #....#
#.####### #.#..)..#
#.#### #.......#
#.#.....# #.#
#######.####.#.##### #.#
...............o@# #.#
#######.##...###o#####.#
#......##.###.........#
#.#######.# #.#.#######
#.# #.# #.#.# #.#
#.###.#.# ##.# #.....#.#
.#.# #######.# ...## #.#


You could see an orc priest and an orc.

Vanquished Creatures
  3 adders (D:2)
  A worm (D:2)
  A dart slug (D:2)
  2 endoplasms (D:1)
  2 giant cockroaches (D:1)
  5 goblins
  A hobgoblin (D:1)
  3 jackals (D:1)
  2 quokkas (D:1)
  A ball python (D:1)
  5 bats
  4 frilled lizards
  2 kobolds
  4 rats
36 creatures vanquished.

Notes
Turn   | Place    | Note
-------+----------+-------------------------------------------
     0 | D:1      | Demosthentine the Demonspawn Gladiator began the quest for
                  | the Orb.
     0 | D:1      | Reached XP level 1. HP: 16/16 MP: 1/1
   290 | D:1      | Gained mutation: You have a pair of small antennae on your
                  | head. [demonic ancestry]
   290 | D:1      | Reached XP level 2. HP: 22/22 MP: 2/2
   796 | D:2      | Reached skill level 1 in Armour
   796 | D:2      | Gained mutation: A meltable shield of frost defends you.
                  | (SH +4) [demonic ancestry]
   796 | D:2      | Reached XP level 3. HP: 27/28 MP: 3/3
   914 | D:2      | Found Xaucajy's General Store.
  1098 | D:2      | Gained mutation: Spells you cast may paralyse adjacent
                  | enemies. [demonic ancestry]
  1098 | D:2      | Reached XP level 4. HP: 34/34 MP: 4/4
  1256 | D:2      | HP: 1/34 [orc/+0 war axe (8)]
  1257 | D:2      | Slain by an orc

Illustrated notes

Levels and vault maps discovered:
D:1:      heliophobic_arrival_dark_side_of_the_moon, layout_loops_ring,
          amethyst_killhole
D:2:      layout_basic, serial_shops, nicolae_shop_trees
D:3:      layout_rooms, fedhas_altar_3

Skill      XL: |  1  2 |
---------------+-------+-----
Dodging        | 3 |  3.2
Polearms       | 3 |  3.1
Armour         | 1 |  1.4
Fighting       | |  2.7
Throwing       | |  1.7

Action                     |  1- 3 |  4- 6 || total
---------------------------+-------+-------++-------
  Melee: Trident           |   121 |     6 ||   127
         Punch             |     1 |       ||     1
    Use: Scroll            |     3 |     2 ||     5
         Potion            |       |     1 ||     1
   Stab: Sleeping          |     2 |       ||     2
 Armour: Leather armour    |    34 |     1 ||    35
  Dodge: Dodged            |    72 |     5 ||    77
  Block: Other             |     3 |     2 ||     5

Table legend: (Time is in decaauts)
 A = Elapsed time spent in this place.
 B = Non-inter-level travel time spent in this place.
 C = Inter-level travel time spent in this place.
 D = Time resting spent in this place.
 E = Time spent auto-exploring this place.
 F = Levels seen in this place.
 G = Mean time per level.
                   A        B        C        D        E       F      G
               +--------+--------+--------+--------+--------+-----+--------+
         Total |   1276 |   1235 |     41 |      0 |    950 |   3 |  425.3 |
       Dungeon |   1276 |   1235 |     41 |      0 |    950 |   3 |  425.3 |
               +--------+--------+--------+--------+--------+-----+--------+

Top non-repeatable levels by time:
     D:1: 747 daAuts
     D:2: 527 daAuts
     D:3: 1 daAuts
